 Dungeon Crawl Stone Soup version 0.29.1-1-gd02db6906a (webtiles) character file.

Game seed: 12321244283081503535

1008 Earthwalker the Chopper (level 8, -2/65 (68) HPs)
             Began as a Minotaur Fighter on Oct 13, 2022.
             Slain by a wight
             ... wielding a +4 dagger of freezing
              (3 damage)
             ... on level 6 of the Dungeon.
             The game lasted 00:09:22 (4826 turns).

Earthwalker the Chopper (Minotaur Fighter)          Turns: 4826, Time: 00:09:24

HP:   -2/65 (68)    AC: 12    Str: 24    XL:     8   Next: 1%
MP:   16/16         EV: 10    Int:  5    God:
Gold: 338           SH:  0    Dex:  9    Spells: 7/7 levels left

rFire   . . .      SeeInvis .   F - +4 battleaxe
rCold   . . .      Faith    .   (shield currently unavailable)
rNeg    . . .      Spirit   .   b - +0 scale mail
rPois   .          Reflect  .   v - +0 hat {Stlth+}
rElec   .          Harm     .   (no cloak)
rCorr   .          Rampage  .   G - +1 pair of gloves
Will    .....                   e - +1 pair of boots
Stlth   +.........              (no amulet)
HPRegen 0.20/turn               x - ring of magical power
MPRegen 0.15/turn               (no ring)

@: lightly drained
A: horns 2, retaliatory headbutt
a: no special abilities


You were on level 6 of the Dungeon.
You visited 1 branch of the dungeon, and saw 6 of its levels.

You collected 338 gold pieces.

Inventory:

Hand Weapons
 a - a +0 war axe
 m - the +7 lajatang of Order {silver, rMut}
   (You found it on level 2 of the Dungeon)

   It inflicts extra damage upon those it strikes, and deals substantially
   increased damage to chaotic, mutated and magically transformed beings.
   rMut:      It protects you from mutation.
 F - a +4 battleaxe (weapon)
Missiles
 f - 12 poisoned darts (quivered)
 g - 36 stones
 o - 3 javelins
 u - a boomerang
Armour
 b - a +0 scale mail (worn)
 c - a +0 buckler
 e - a +1 pair of boots (worn)
 v - a +0 hat of stealth (worn)
 G - a +1 pair of gloves (worn)
Jewellery
 x - a ring of magical power (left hand)
 B - a ring of magical power
Wands
 w - a wand of light (6)
Scrolls
 i - a scroll of teleportation {unknown}
 k - a scroll of vulnerability {unknown}
 l - 3 scrolls of amnesia {unknown}
 n - 2 scrolls of poison {unknown}
 p - a scroll of magic mapping {unknown}
 y - 2 scrolls of fear {unknown}
 z - a scroll of blinking {unknown}
 A - a scroll of noise {unknown}
 C - 2 scrolls of immolation {unknown}
 D - a scroll of silence {unknown}
 E - a scroll of torment {unknown}
Potions
 d - 3 potions of might
 h - a potion of lignification {unknown}
 j - a potion of brilliance {unknown}
 q - a potion of heal wounds {unknown}
 r - 3 potions of mutation {unknown}
 s - 2 potions of curing {unknown}
 t - a potion of degeneration {unknown}


   Skills:
 * Level 5.3 Fighting
 * Level 6.9 Axes
 * Level 6.7 Armour
 * Level 2.5 Dodging
 + Level 0.7 Stealth
 * Level 5.7 Shields


You had 7 spell levels left.
You didn't know any spells.
Your spell library contained the following spells:

 Spells                   Type           Power      Damage    Failure   Level
 Gell's Gravitas          Tloc           0%         N/A       98%         3
 Lesser Beckoning         Tloc           0%         N/A       98%         3
 Ozocubu's Armour         Ice            0%         N/A       98%         3
 Teleport Other           Tloc           0%         N/A       98%         3
 Cause Fear               Hex            0%         N/A       100%        4
 Dragon Form              Tmut           0%         N/A       100%        7
 Ozocubu's Refrigeration  Ice            0%         4d7       100%        7
 Dragon's Call            Summ           0%         N/A       100%        9


Dungeon Overview and Level Annotations

Branches:
Dungeon (6/15)             Temple (0/1) D:6

Altars:
Cheibriados
Trog
Wu Jian
The Shining One

Shops:
D:1 !


Innate Abilities, Weirdness & Mutations

You have a pair of horns on your head.
You reflexively headbutt those who attack you in melee.


Message History

Things that are here:
a +4 battleaxe; a +0 robe; a +1 pair of gloves
F - a +4 battleaxe;
G - a +1 pair of gloves
Okay, then.
You can't wield that with only one hand.
You hear the slow rusting of a very distant drain.
You start putting on your armour.
You continue putting on your +1 pair of gloves. x4
You finish putting on your +1 pair of gloves.
You start removing your armour.
You continue taking off your +0 buckler. x4
You finish taking off your +0 buckler.
F - a +4 battleaxe (weapon)
Things that are here:
a +1 mace of freezing; a +0 robe You see here a +0 robe. 3 wights come into view.
A wight is wielding a +4 dagger of freezing.
You slash the wight!
You headbutt the wight, but do no damage.
The wight is heavily damaged.
The wight hits you with a +4 war axe.
You feel drained.
You barely miss the wight. x2; The wight hits you with a +4 war axe! x2
* * * LOW HITPOINT WARNING * * *
You feel drained.
* * * LOW HITPOINT WARNING * * *
The wight hits you but does no damage.
You barely miss the wight. You headbutt the wight!
The wight is heavily damaged.
You closely miss the wight. You barely miss the wight.
The wight completely misses you. You furiously retaliate!
You headbutt the wight! The wight hits you but does no damage.
The wight closely misses you.
You slice the wight!!
You destroy the wight!
You hit the wight. You closely miss the wight.
The wight hits you with a +4 dagger of freezing!
* * * LOW HITPOINT WARNING * * *
The wight freezes you.
You die...

### ..# #.# .######z#
......)@# #######z#
#.# #########[########
#.........).......
#####.#######..#.#.#)#
#.......).<...........
#.###...####...#......
#...# ##.........


You could see 2 wights.

Vanquished Creatures
  A black bear (D:4)
  A phantom (D:5)
  A necrophage (D:5)
  3 scorpions
  3 wights (D:6)
  A jelly (D:5)
  An orc priest (D:5)
  2 hounds
  Crazy Yiuf (D:2)
  3 orc wizards
  Terence (D:2)
  An iguana (D:5)
  9 adders
  4 gnolls (D:5)
  2 worms
  5 dart slugs
  12 orcs
  5 ball pythons
  4 endoplasms
  7 giant cockroaches
  9 goblins
  7 hobgoblins
  5 jackals
  A quokka (D:2)
  11 bats
  4 frilled lizards
  5 kobolds
  4 rats
113 creatures vanquished.

Vanquished Creatures (others)
  A wizard (D:5)
1 creature vanquished.

Grand Total: 114 creatures vanquished

Notes
Turn   | Place    | Note
-------+----------+-------------------------------------------
     0 | D:1      | Earthwalker the Minotaur Fighter began the quest for the
                  | Orb.
     0 | D:1      | Reached XP level 1. HP: 19/19 MP: 0/0
   206 | D:1      | Reached XP level 2. HP: 27/27 MP: 1/1
   485 | D:1      | Reached XP level 3. HP: 33/33 MP: 2/2
   637 | D:1      | Found Hodyn's Distillery.
   917 | D:2      | Found the +7 lajatang of Order {silver, rMut}
  1024 | D:2      | Noticed Terence
  1036 | D:2      | Killed Terence
  1037 | D:2      | Reached XP level 4. HP: 40/40 MP: 3/3
  1519 | D:2      | Found a runed translucent door.
  1520 | D:2      | Noticed Crazy Yiuf
  1745 | D:2      | Killed Crazy Yiuf
  1746 | D:2      | Reached skill level 1 in Dodging
  1923 | D:3      | Reached XP level 5. HP: 22/46 MP: 4/4
  2314 | D:3      | Found a faded altar of an unknown god.
  2526 | D:3      | Reached skill level 5 in Shields
  2742 | D:3      | Found a snail-covered altar of Cheibriados.
  2843 | D:4      | Reached skill level 5 in Armour
  2932 | D:4      | Reached XP level 6. HP: 48/53 MP: 5/5
  3089 | D:4      | Noticed Blork the orc
  3495 | D:4      | Found an ornate altar of the Wu Jian Council.
  3700 | D:5      | Entered Level 5 of the Dungeon
  3716 | D:5      | Reached skill level 5 in Axes
  3760 | D:5      | HP: 2/55 [scorpion (4)]
  3768 | D:5      | Reached XP level 7. HP: 3/60 MP: 6/6
  3961 | D:5      | Reached skill level 5 in Fighting
  4259 | D:5      | Found a glowing golden altar of the Shining One.
  4562 | D:5      | Found a bloodstained altar of Trog.
  4563 | D:5      | Noticed a wizard
  4569 | D:5      | Killed a wizard
  4796 | D:6      | Found a staircase to the Ecumenical Temple.
  4805 | D:6      | Reached XP level 8. HP: 36/68 MP: 7/7
  4826 | D:6      | HP: 1/65 [wight/+4 dagger of freezing (8)]
  4826 | D:6      | Slain by a wight

Illustrated notes

Levels and vault maps discovered:
D:1:      eino_arrival_water_cross, layout_basic, serial_shops, shop,
          minmay_worlds_worst_comb
D:2:      layout_basic, uniq_terence, uniq_crazy_yiuf_cottage
D:3:      layout_loops_ring, overflow_temple_1_default,
          hellmonk_ecumenical_altar_inner_sanctum
D:4:      layout_basic, nzn_wu_jian_contemplation, uniq_blork_the_orc
D:5:      layout_basic, tso_altar, trog_wizard, abandoned_shop
D:6:      layout_loops_ring, mainiacjoe_overflow_alcove_2,
          nicolae_qazlal_eye_of_the_storm, minmay_temple_entry_glass,
          gammafunk_ghost_hive, gup_sewer_entry_bubbles, kennysheep_cross_room

Skill      XL: |  1  2  3  4  5  6  7 |
---------------+----------------------+-----
Armour         | 4 5 6 |  6.7
Shields        | 4 5 |  5.7
Fighting       | 4 5 |  5.3
Axes           | 3 4 5 6 |  6.9
Dodging        | 1 2 |  2.5
Stealth        | |  0.7

Action                   |  1- 3 |  4- 6 |  7- 9 || total
-------------------------+-------+-------+-------++-------
Melee: War axe           |    77 |   146 |    54 ||   277
       Headbutt          |    10 |    19 |    15 ||    44
       Battleaxe         |       |       |     4 ||     4
Throw: Dart              |       |     2 |       ||     2
Armor: Scale mail        |    49 |    72 |    23 ||   144
Dodge: Dodged            |    43 |    73 |    28 ||   144
Block: Buckler           |    23 |    31 |     5 ||    59
